 Dungeon Crawl Stone Soup version 0.25.0-26-g0c896c7088 (webtiles) character file.

Game seed: 11114990306871223389

287 MisterFreud the Magician (level 6, -1/42 HPs)
             Began as a Mummy Wizard on July 3, 2020.
             Was a Believer of Hepliaklqana.
             Slain by a centaur (4 damage)
             ... on level 5 of the Dungeon.
             The game lasted 00:11:21 (5231 turns).

MisterFreud the Magician (Mummy Wizard)             Turns: 5231, Time: 00:11:22

Health: -1/42      AC:  2    Str: 10    XL:     6   Next: 8%
Magic:  11/12      EV: 12    Int: 19    God:    Hepliaklqana [**....]
Gold:   165        SH:  0    Dex: 11    Spells: 8/13 levels left

rFire    x . .     SeeInvis .   f - +0 dagger
rCold    + . .     Gourm    .   (no shield)
rNeg     + + +     Faith    .   a - +0 robe
rPois    ∞         Spirit   .   b - +0 hat
rElec    .         Reflect  .   (no cloak)
rCorr    .         Harm     .   (no gloves)
MR       +....                  (no boots)
Stlth    ++........             (no amulet)
HPRegen  0.14/turn              g - ring of flight (curse)
MPRegen  0.13/turn              k - ring of protection from magic

@: no status effects
A: no food or potions, fire vulnerability, reduced essence, cold resistance 1,
negative energy resistance 3, torment resistance, unbreathing
a: Recall Ancestor, Ancestor Identity, Renounce Religion, Evoke Flight


You were on level 5 of the Dungeon.
You worshipped Hepliaklqana.
Hepliaklqana was pleased with you.
You were not hungry.

You visited 1 branch of the dungeon, and saw 5 of its levels.

You collected 165 gold pieces.

Inventory:

Hand Weapons
 c - a +0 short sword
 f - a +0 dagger (weapon)
Armour
 a - a +0 robe (worn)
 b - a +0 hat (worn)
Jewellery
 g - a cursed ring of flight (left hand)
 k - a ring of protection from magic (right hand)
Wands
 j - a wand of digging (6)
Scrolls
 d - a scroll of identify {unknown}
 e - 2 scrolls of amnesia {unknown}
 h - 2 scrolls of teleportation {unknown}
 i - a scroll of remove curse {unknown}
 l - a scroll of random uselessness {unknown}


   Skills:
 + Level 3.1 Fighting
 - Level 1.5 Dodging
 - Level 1.5 Stealth
 - Level 4.0 Spellcasting
 - Level 3.0 Conjurations
 - Level 3.0 Summonings
 - Level 0.7 Translocations


You had 8 spell levels left.
You knew the following spells:

 Your Spells              Type           Power        Failure   Level  Hunger
a - Magic Dart            Conj           ###.         4%          1    N/A
b - Blink                 Tloc           N/A          16%         2    N/A
c - Call Imp              Summ           ###.....     6%          2    N/A

Your spell library contained the following spells:

 Spells                   Type           Power        Failure   Level  Hunger
 Slow                     Hex            #.......     21%         2    N/A
 Conjure Flame            Conj/Fire      #.......     22%         3    N/A
 Mephitic Cloud           Conj/Pois/Air  #.......     26%         3    N/A

Dungeon Overview and Level Annotations

Branches:
Dungeon (5/15)
 Temple: D:4-7

Altars:
Cheibriados
Dithmenos
Elyvilon
Hepliaklqana
Trog
Xom


Innate Abilities, Weirdness & Mutations

You do not eat or drink.
Your flesh is vulnerable to fire.
You are immune to poison.
Your flesh is cold resistant. (rC+)
You are immune to negative energy. (rN+++)
You are immune to unholy pain and torment.
You can survive without breathing.
Your life essence is reduced to manifest your ancestor. (-10% HP)


Message History

Xochipepe hits the centaur with a +0 flail.
The centaur shoots an arrow.
The arrow barely misses you.
The centaur shoots an arrow.
The arrow hits you.
* * * LOW HITPOINT WARNING * * *
Evoke which item? (* to show all) (? for menu, Esc to quit)
Okay, then.
The centaur shoots an arrow.
The arrow hits Xochipepe but does no damage.
The centaur shoots an arrow.
The arrow hits Xochipepe!
You see here an arrow.
The centaur shoots an arrow.
The arrow hits Xochipepe!
Xochipepe is destroyed!
You see here 2 arrows.
Found 2 brown potions.
Unknown command.
Unknown command.
Unknown command.
There is a stone staircase leading down here.
The centaur unwields a +0 shortbow.
The centaur hits you.
You die...

#.# #....................#
#.#####..............!......
#........#..................
##.......#.................#
####..##............#.....#
. ######...............# .
#................# ..
##............## ####.(
##....@c.......###((c..
##..........#.†((((#....
#...........##.##.......
##..#.#....######.......
##.#.#.....###.#.......
######.....#..........
#.#........#####.
####..##..(# . ######...# .


You could see a centaur.

Vanquished Creatures
  An orc wizard (D:4)
  A centaur skeleton (D:4)
  A worker ant (D:3)
  5 adders
  A shadow imp (D:4)
  2 oozes (D:2)
  2 adder skeletons
  4 dart slugs
  8 leopard geckos
  4 orcs (D:3)
  3 ball pythons
  2 giant cockroaches
  8 goblins
  3 hobgoblins
  2 jackals (D:2)
  A quokka (D:5)
  7 bats
  5 frilled lizards
  3 kobolds
  6 rats
69 creatures vanquished.

Vanquished Creatures (collateral kills)
  2 orc wizards
  3 orcs
5 creatures vanquished.

Vanquished Creatures (others)
  A knight (D:5)
  2 ancestors
3 creatures vanquished.

Grand Total: 77 creatures vanquished

Notes
Turn   | Place    | Note
-------+----------+-------------------------------------------
     0 | D:1      | MisterFreud the Mummy Wizard began the quest for the Orb.
     0 | D:1      | Reached XP level 1. HP: 13/13 MP: 5/5
   132 | D:1      | Reached skill level 1 in Conjurations
   728 | D:1      | Reached XP level 2. HP: 20/20 MP: 5/7
   906 | D:1      | Learned a level 2 spell: Blink
   909 | D:1      | Learned a level 2 spell: Call Imp
  1030 | D:1      | Reached skill level 1 in Fighting
  1713 | D:2      | Reached XP level 3. HP: 12/26 MP: 2/8
  1972 | D:2      | You fall into a shaft and drop 1 floor!
  1972 | D:3      | Found a white marble altar of Elyvilon.
  2068 | D:3      | Found a shimmering altar of Xom.
  2413 | D:3      | Reached XP level 4. HP: 33/33 MP: 2/10
  3477 | D:2      | Found a faded altar of an unknown god.
  3551 | D:2      | Reached skill level 1 in Summonings
  3574 | D:2      | Became a worshipper of Hepliaklqana the Forgotten
  3574 | D:2      | Reached * piety under Hepliaklqana
  3646 | D:3      | Found a snail-covered altar of Cheibriados.
  3844 | D:3      | Reached XP level 5. HP: 34/36 MP: 4/11
  4289 | D:4      | Found a shadowy altar of Dithmenos.
  4794 | D:4      | Reached XP level 6. HP: 21/42 MP: 6/12
  4996 | D:5      | Entered Level 5 of the Dungeon
  5024 | D:5      | Found a bloodstained altar of Trog.
  5182 | D:5      | Reached ** piety under Hepliaklqana
  5210 | D:5      | Remembered your ancestor Xochipepe as a knight
  5218 | D:5      | HP: 2/42 [centaur/arrow (5)]
  5231 | D:5      | Slain by a centaur

Illustrated notes

Levels and vault maps discovered:
D:1:      minmay_arrival_widening_spiral_wide, layout_rooms
D:2:      minmay_spotlight, layout_loops_ring,
          chequers_ecumenical_altar_simple_redux, item_on_display_a
D:3:      layout_basic, elyvilon_altar_4, cheibriados_altar_1, xom_teletrap_fun
D:4:      layout_basic, grunt_dithmenos_shadows
D:5:      layout_cave_pools, nicolae_overflow_crystal_walls, serial_shops, shop,
          first_ration, uniq_crazy_yiuf_cottage

Skill      XL: |  1  2  3  4  5 |
---------------+----------------+-----
Conjurations   | 1 2 3 |  3.0
Fighting       | 1 2 3 |  3.1
Summonings     | 1 3 |  3.0
Dodging        | |  1.5
Stealth        | |  1.5
Spellcasting   | |  4.0
Translocations | |  0.7

Action                   |  1- 3 |  4- 6 || total
-------------------------+-------+-------++-------
Melee: Unarmed           |     9 |       ||     9
       Dagger            |    11 |    41 ||    52
 Cast: Magic Dart        |    97 |   121 ||   218
Invok: Recall Ancestor   |       |     1 ||     1
       Ancestor Life: Kn |       |     1 ||     1
Armor: Robe              |     2 |     6 ||     8
Dodge: Dodged            |    30 |    43 ||    73
